 Seeded DCSS version 0.29.1-15-g9cfb28693d (webtiles) character file.

Game seed: 15822848163574757677 (custom seed)

2276 kingofthe the Magician (level 9, -2/45 HPs)
             Began as a Deep Elf Conjurer on Mar 11, 2023.
             Was a Follower of Sif Muna.
             Killed from afar by a steam dragon (13 damage)
             ... with a ball of steam
             ... on level 7 of the Dungeon.
             The game lasted 00:16:41 (6936 turns).

kingofthe the Magician (Deep Elf Conjurer)          Turns: 6936, Time: 00:16:41

Health: -2/45      AC:  5    Str:  4    XL:     9   Next: 16%
Magic:  4/31       EV: 14    Int: 26    God:    Sif Muna [*.....]
Gold:   15         SH:  0    Dex: 15    Spells: 1/22 levels left

rFire   . . .      SeeInvis .   a - staff of conjuration {!a}
rCold   . . .      Faith    .   (no shield)
rNeg    . . .      Spirit   .   t - +0 robe
rPois   .          Reflect  .   B - +0 helmet
rElec   .          Harm     .   (no cloak)
rCorr   .          Rampage  .   h - +0 pair of gloves
Will    .....                   z - +0 pair of boots
Stlth   +++.......              (no amulet)
HPRegen 0.15/turn               M - ring of magical power
MPRegen 0.22/turn               (no ring)

@: no status effects
A: no striking features
a: Renounce Religion, Channel Magic


You were on level 7 of the Dungeon.
You worshipped Sif Muna.
Sif Muna was aware of your devotion.
You visited 1 branch of the dungeon, and saw 7 of its levels.

You collected 389 gold pieces.
You spent 374 gold pieces at shops.


   Skills:
 * Level 5.0 Dodging
 + Level 4.5 Stealth
 + Level 7.4 Spellcasting
 + Level 7.3 Conjurations
 - Level 7.1 Hexes
 + Level 2.1 Necromancy
 * Level 1.2 Translocations
 * Level 3.0 Fire Magic
 + Level 2.0 Ice Magic
 - Level 3.0 Poison Magic
 * Level 3.1 Invocations


You had one spell level left.
You knew the following spells:

 Your Spells              Type           Power      Damage    Failure   Level
a - Magic Dart            Conj           100%       1d8       1%          1
b - Searing Ray           Conj           100%       2d8       1%          2
c - Foxfire               Conj/Fire      100%       2x1d9     1%          1
d - Fulminant Prism       Conj/Hex       31%        3d16      3%          4
e - Mephitic Cloud        Conj/Pois/Air  41%        N/A       4%          3
f - Stone Arrow           Conj/Erth      86%        3d12      4%          3
z - Sublimation of Blood  Necr           20%        N/A       3%          2
B - Blink                 Tloc           32%        N/A       5%          2
C - Conjure Flame         Conj/Fire      53%        6-21      2%          3

Your spell library contained the following spells:

 Spells                   Type           Power      Damage    Failure   Level
 Dazzling Flash           Conj/Hex       100%       N/A       1%          3
 Inner Flame              Hex/Fire       36%        N/A       2%          3
 Portal Projectile        Hex/Tloc       62%        N/A       3%          3
 Flame Wave               Conj/Fire      53%        2d13      7%          4
 Ignite Poison            Fire/Tmut/Pois 20%        N/A       8%          3
 Wereblood                Tmut           9%         N/A       9%          2
 Iskenderun's Mystic Bla  Conj/Tloc      48%        2d11      11%         4
 Leda's Liquefaction      Hex/Erth       14%        N/A       14%         4
 Call Canine Familiar     Summ           9%         N/A       19%         3
 Freezing Cloud           Conj/Ice/Air   19%        6-21      41%         5
 Animate Armour           Summ/Erth      18%        N/A       52%         4
 Manifold Assault         Tloc           16%        N/A       69%         5
 Storm Form               Tmut/Air       4%         N/A       100%        7
 Summon Hydra             Summ           4%         N/A       100%        7
 Lehudib's Crystal Spear  Conj/Erth      21%        10d6      100%        8

Inventory:

Missiles
 m - a throwing net {=f}
Armour
 h - a +0 pair of gloves (worn)
 j - the +1 ring mail "Vuekuas" {Will+ Str+3}
   (You found it on level 2 of the Dungeon)

   Str:       It affects your strength (+3).
   Will:      It increases your willpower.
 p - the +3 scale mail of the Viny Hot Ocelot {rElec rPois Stlth+}
   (You found it on level 3 of the Dungeon)

   rElec:     It insulates you from electricity.
   rPois:     It protects you from poison.
   Stlth:     It makes you more stealthy.
 t - a +0 robe (worn)
 y - the +2 buckler of the Wasteland {+Inv Dex+2 Stlth-}
   (You found it on level 4 of the Dungeon)

   Dex:       It affects your dexterity (+2).
   +Inv:      It lets you turn invisible.
   Stlth:     It makes you less stealthy.
 z - a +0 pair of boots (worn)
 B - a +0 helmet (worn)
Magical Staves
 a - a staff of conjuration (weapon) {!a}
 b - a staff of fire {!a}
 c - a staff of cold {!a}
Jewellery
 M - a ring of magical power (left hand)
Wands
 k - a wand of quicksilver (3)
Scrolls
 f - 2 scrolls of vulnerability
 g - 2 scrolls of brand weapon
 i - 2 scrolls of teleportation {@r2}
 o - a scroll of noise {unknown}
 s - 2 scrolls of amnesia
 C - a scroll of blinking {unknown}
Potions
 d - 3 potions of haste {@q3}
 e - a potion of experience {unknown}
 l - 2 potions of curing {@q1}
 n - 2 potions of mutation
 q - a potion of degeneration {unknown}
 r - a potion of flight {unknown}
 u - 2 potions of ambrosia
 v - a potion of resistance {unknown}
 w - a potion of magic
 A - a potion of lignification {unknown}

Dungeon Overview and Level Annotations

Branches:
Dungeon (7/15)
 Temple: D:4-7

Altars:
Dithmenos
Hepliaklqana
Sif Muna
Trog
Uskayaw
Zin
The Shining One

Shops:
D:5 ( D:6

:** #...#.##. ##.###
#..#.... #...# #......# #
###...# ###...>.## #.
#.....# ........)### #.###
###.##...# # #.†..##
...###...##.....
##..##5).####.#...>.......#
.........).......[.######..#
#####.###...@##.#...# ..# #.
###§........# ... #.
#.§.......### ..
##.$..####...## #...D#
#....... .>#.. #.#...... .
## #.#.##..# #.#.. #...
..##.# ###


You could see an ufetubus.


Message History

Casting: Fulminant Prism (dangerous; 3% risk of failure)
Confirm with . or Enter, or press ? or * to list all spells.
You don't have enough magic to cast this spell.
Use which ability? (? or * to list)
You fail to use your ability.
You feel sick.
The killer bee stings your fulminant prism.
Your fulminant prism crackles loudly.
Use which ability? (? or * to list)
You fail to use your ability.
You feel stable enough to blink again.
You feel sick.
Your fulminant prism explodes!
The blast of energy engulfs the killer bee!!
You kill the killer bee!
Sif Muna accepts your kill.
You hear a shout!
You hear an angry hiss.
Your Dodging skill increases to level 5!
You start resting.
You feel sick. x2
You are no longer poisoned.
You start resting.
An ufetubus comes into view.
You see here a killer bee corpse.
You see here a +4 whip of venom.
A steam dragon comes into view.
The steam dragon hisses angrily.
You see here a scroll labelled UDDEONG MUSCHAT.
The steam dragon breathes steam at you. The ball of steam hits you!
You die...

Skill      XL: |  1  2  3  4  5  6  7  8  9 |
---------------+----------------------------+-----
Dodging        | 3 4 5 |  5.0
Stealth        | 3 4 |  4.5
Conjurations   | 5 6 7 |  7.3
Spellcasting   | 4 5 6 7 |  7.4
Hexes          | 1 3 4 6 7 |  7.1
Poison Magic   | 1 2 3 |  3.0
Necromancy     | 2 |  2.1
Fire Magic     | 2 3 |  3.0
Invocations    | 2 3 |  3.1
Ice Magic      | 1 2 |  2.0
Translocations | 1 |  1.2

Action                   |  1- 3 |  4- 6 |  7- 9 || total
-------------------------+-------+-------+-------++-------
Melee: Unarmed           |    11 |       |       ||    11
 Cast: Magic Dart        |    68 |    27 |     5 ||   100
       Foxfire           |     8 |    29 |   147 ||   184
       Searing Ray       |     4 |     6 |     2 ||    12
       Mephitic Cloud    |       |       |     6 ||     6
       Fulminant Prism   |       |       |     5 ||     5
       Blink             |       |       |     1 ||     1
  Use: Scroll            |       |       |     8 ||     8
Armor: Robe              |     6 |     1 |     6 ||    13
Dodge: Dodged            |    12 |     4 |    12 ||    28

Levels and vault maps discovered:
D:1:      heliophobic_arrival_enchanted_forest, layout_loops_ring,
          minmay_misc_feat_enclosed, minmay_tromino_v4_a
D:2:      kennysheep_big_flooded_room, layout_rooms, kennysheep_generic_room_13
D:3:      layout_loops_corners, zin_statuary, mainiacjoe_overflow_boulevard,
          mainiacjoe_overflow_six_doors_small, guppyfry_early_lair_pool,
          uniq_jessica
D:4:      layout_rooms, uniq_duvessa
D:5:      layout_cave_pools, tso_altar, nicolae_overflow_two_pavilions,
          mainiacjoe_overflow_alcove_4, serial_shops, shop,
          minmay_splitting_lines
D:6:      layout_layer_cave, serial_shops, nicolae_shop_hallway_stairs,
          nicolae_wooded_promenade, moated_statue, corexii_shack,
          minmay_pentangle, uniq_menkaure, uniq_prince_ribbit1
D:7:      layout_rooms, nemelex_dance_club_becter, mainiacjoe_overflow_alcove_2,
          minmay_temple_entry_nine_rooms

Notes
Turn   | Place    | Note
-------+----------+-------------------------------------------
     0 | D:1      | kingofthe the Deep Elf Conjurer began the quest for the
                  | Orb.
     0 | D:1      | Reached XP level 1. HP: 10/10 MP: 6/6
   182 | D:1      | Reached XP level 2. HP: 15/15 MP: 1/8
   185 | D:1      | Learned a level 2 spell: Searing Ray
   419 | D:1      | Reached skill level 3 in Dodging
   656 | D:1      | Reached XP level 3. HP: 14/19 MP: 5/10
  1354 | D:2      | Identified the +1 ring mail "Vuekuas" {Will+ Str+3}
  1487 | D:2      | Reached skill level 3 in Stealth
  1550 | D:2      | Learned a level 1 spell: Foxfire
  1660 | D:2      | Reached skill level 5 in Conjurations
  1762 | D:3      | Noticed Jessica
  1792 | D:3      | Killed Jessica
  1793 | D:3      | Reached skill level 4 in Spellcasting
  1793 | D:3      | Reached XP level 4. HP: 24/24 MP: 8/12
  2021 | D:3      | Found a bloodstained altar of Trog.
  2100 | D:3      | Identified the +3 scale mail of the Viny Hot Ocelot {rElec
                  | rPois Stlth+}
  2186 | D:3      | Learned a level 4 spell: Fulminant Prism
  2190 | D:3      | Learned a level 3 spell: Mephitic Cloud
  2440 | D:3      | Found a shimmering blue altar of Sif Muna.
  2502 | D:3      | Became a worshipper of Sif Muna the Loreminder
  2529 | D:3      | Found a glowing silver altar of Zin.
  2926 | D:4      | Reached skill level 1 in Hexes
  2926 | D:4      | Reached XP level 5. HP: 28/28 MP: 8/13
  3074 | D:4      | Noticed an ogre
  3081 | D:4      | Killed an ogre
  3082 | D:4      | Reached skill level 2 in Hexes
  3082 | D:4      | Reached skill level 1 in Poison Magic
  3105 | D:4      | Reached skill level 3 in Hexes
  3105 | D:4      | Reached XP level 6. HP: 32/32 MP: 3/15
  3201 | D:4      | Reached skill level 5 in Spellcasting
  3262 | D:4      | Reached skill level 4 in Hexes
  3262 | D:4      | Reached skill level 2 in Poison Magic
  3570 | D:4      | Reached skill level 6 in Conjurations
  3570 | D:4      | Reached XP level 7. HP: 36/36 MP: 9/17
  3732 | D:4      | Learned a level 3 spell: Stone Arrow
  3762 | D:4      | Noticed Dowan
  3835 | D:4      | Noticed Duvessa
  3846 | D:4      | Killed Dowan
  3847 | D:4      | Reached skill level 5 in Hexes
  3973 | D:4      | Killed Duvessa
  3974 | D:4      | Reached skill level 3 in Poison Magic
  3982 | D:4      | Identified the +2 buckler of the Wasteland {+Inv Dex+2
                  | Stlth-}
  4208 | D:5      | Entered Level 5 of the Dungeon
  4250 | D:5      | Reached skill level 6 in Spellcasting
  4250 | D:5      | Reached skill level 6 in Hexes
  4312 | D:5      | Reached * piety under Sif Muna
  4314 | D:5      | Reached XP level 8. HP: 41/41 MP: 16/19
  4380 | D:5      | Learned a level 3 spell: Conjure Flame
  4647 | D:5      | Found a shadowy altar of Dithmenos.
  4722 | D:5      | Reached skill level 7 in Hexes
  4812 | D:5      | Found Uheizinn's Antique Weapon Emporium.
  4823 | D:5      | Learned a level 2 spell: Sublimation of Blood
  4853 | D:5      | Found a glowing golden altar of the Shining One.
  4903 | D:5      | Found a hide-covered altar of Uskayaw.
  4903 | D:5      | Found a hazy altar of Hepliaklqana.
  5078 | D:6      | Found Rah Hec's Book Emporium.
  5105 | D:6      | Reached skill level 7 in Conjurations
  5150 | D:6      | Noticed Menkaure
  5155 | D:6      | Killed Menkaure
  5156 | D:6      | Reached skill level 1 in Necromancy
  5156 | D:6      | Reached skill level 1 in Fire Magic
  5156 | D:6      | Reached skill level 1 in Invocations
  5368 | D:6      | Reached skill level 4 in Dodging
  5373 | D:6      | Reached skill level 4 in Stealth
  5373 | D:6      | Reached skill level 7 in Spellcasting
  5373 | D:6      | Reached skill level 2 in Fire Magic
  5373 | D:6      | Reached skill level 1 in Ice Magic
  5373 | D:6      | Reached skill level 2 in Invocations
  5617 | D:6      | Noticed Prince Ribbit
  5621 | D:6      | Killed Prince Ribbit
  5895 | D:6      | Found Deiwk's Assorted Antiques.
  5897 | D:6      | Found Hoerapih's General Store.
  6076 | D:6      | Bought an Inescapable Atlas for 374 gold pieces
  6079 | D:6      | Learned a level 2 spell: Blink
  6852 | D:7      | Reached skill level 2 in Necromancy
  6852 | D:7      | Reached XP level 9. HP: 45/45 MP: 21/21
  6911 | D:7      | Reached skill level 1 in Translocations
  6920 | D:7      | Reached skill level 2 in Ice Magic
  6920 | D:7      | Reached skill level 3 in Invocations
  6923 | D:7      | Reached skill level 3 in Fire Magic
  6926 | D:7      | Reached skill level 5 in Dodging
  6936 | D:7      | Killed from afar by a steam dragon

Vanquished Creatures
  Prince Ribbit (D:6)
  Menkaure (D:6)
  Duvessa (D:4)
  A water moccasin (D:5)
  A sky beast (D:7)
  An ice beast (D:6)
  A black bear (D:7)
  3 ogres
  2 phantoms (D:4)
  A necrophage (D:5)
  A gnoll sergeant (D:7)
  6 scorpions
  Dowan (D:4)
  3 killer bees (D:7)
  A howler monkey (D:6)
  2 hounds (D:5)
  A jelly (D:6)
  Jessica (D:3)
  3 iguanas
  4 adders
  4 gnolls (D:7)
  2 white imps
  2 worms (D:2)
  4 dart slugs
  13 orcs
  8 endoplasms
  A giant cockroach (D:1)
  9 goblins
  5 hobgoblins
  4 jackals (D:3)
  4 quokkas
  10 ball pythons
  3 bats
  4 frilled lizards (D:1)
  10 kobolds
  2 rats
121 creatures vanquished.

Vanquished Creatures (others)
  321 foxfires
  5 fulminant prisms
  A plant (D:3)
327 creatures vanquished.

Grand Total: 448 creatures vanquished

Table legend: (Time is in decaauts)
 A = Elapsed time spent in this place.
 B = Non-inter-level travel time spent in this place.
 C = Inter-level travel time spent in this place.
 D = Time resting spent in this place.
 E = Time spent auto-exploring this place.
 F = Levels seen in this place.
 G = Mean time per level.
                   A        B        C        D        E       F      G
               +--------+--------+--------+--------+--------+-----+--------+
         Total |   6934 |   6694 |    240 |    538 |   5330 |   7 |  990.6 |
       Dungeon |   6934 |   6694 |    240 |    538 |   5330 |   7 |  990.6 |
               +--------+--------+--------+--------+--------+-----+--------+

Top non-repeatable levels by time:
     D:6: 1520 daAuts
     D:4: 1295 daAuts
     D:3: 1166 daAuts
     D:1: 1050 daAuts
     D:5: 869 daAuts
     D:2: 694 daAuts
     D:7: 336 daAuts

Table legend:
 A = Non-vault XP
 B = Vault XP
 C = Vault XP percentage of total XP
 D = Non-vault monster count
 E = Vault monster count
 F = Vault count percentage of total count
                 A         B        C        D         E       F
            +---------+---------+-------+---------+---------+-------
      Total |    2153 |    1099 |  33.8 |     102 |      19 |  15.7
            +---------+---------+-------+---------+---------+-------
        D:1 |      46 |       6 |  11.5 |      27 |       4 |  12.9
        D:2 |      34 |       7 |  17.1 |      10 |       3 |  23.1
        D:3 |      36 |      37 |  50.7 |      15 |       1 |   6.2
        D:4 |     691 |     213 |  23.6 |      19 |       2 |   9.5
        D:5 |     603 |       0 |   0.0 |      18 |       0 |   0.0
        D:6 |     155 |     836 |  84.4 |       3 |       9 |  75.0
        D:7 |     588 |       0 |   0.0 |      10 |       0 |   0.0
            +---------+---------+-------+---------+---------+-------
